WorldEdit (
red | 42 APM | 1171 actions | 27:35)
6 Priestess of the Moon
3 Trueshot Aura
2 Searing Arrows
1 Starfall
4 Demon Hunter
2 Mana Burn
2 Evasion
6 Keeper of the Grove
3 Thorns Aura
2 Entangling Roots
1 Tranquility
» actions
| Assign group hotkey | 16 | |
| Basic commands | 53 | |
| Build / train | 84 | |
| ESC pressed | 3 | |
| Enter build submenu | 14 | |
| Enter hero's abilities submenu | 16 | |
| Give item / drop item | 3 | |
| Remove unit from queue | 2 | |
| Right click | 426 | |
| Select / deselect | 288 | |
| Select group hotkey | 214 | |
| Use ability | 52 | |
1171 total
» units
| Wisp | 14 | |
| Archer | 8 | |
| Huntress | 14 | |
| Glaive Thrower | 7 | |
43 total
» upgrades
| Strength of the Moon | 3 | |
| Moon Armor | 3 | |
| Ultravision | 1 | |
| Improved Bows | 1 | |
| Sentinel | 1 | |
| Vorpal Blades | 1 | |
| Well Spring | 1 | |
| Marksmanship | 1 | |
| Upgrade Moon Glaive | 1 | |
| Nature's Blessing | 1 | |
| Backpack | 1 | |
15 total
» buildings
| Altar of Elders | 1 | |
| Moon Well | 6 | |
| Ancient of War | 1 | |
| Ancient of Wonders | 1 | |
| Hunter's Hall | 2 | |
| Tree of Ages | 1 | |
| Tree of Life | 1 | |
| Tree of Eternity | 1 | |
14 total
» build order
00:03 Altar of Elders
00:06 Moon Well
00:55 Ancient of War
01:37 Moon Well
02:01 Ancient of Wonders
02:40 Hunter's Hall
02:42 Hunter's Hall
03:18 Moon Well
04:33 Tree of Ages
05:53 Moon Well
09:03 Tree of Life
10:51 Moon Well
11:10 Moon Well
12:10 Tree of Eternity
» items